 Dungeon Crawl Stone Soup version 0.30-a0-305-g026cb31310 (webtiles) character file.

Game seed: 4487669421573474475

1631 Sobieck the Skirmisher (level 9, -3/48 HPs)
             Began as a Kobold Hunter on Oct 21, 2022.
             Was a Follower of Uskayaw.
             Slain by an ice beast (9 damage)
             ... on level 7 of the Dungeon.
             The game lasted 00:14:40 (6346 turns).

Sobieck the Skirmisher (Kobold Hunter)              Turns: 6346, Time: 00:14:41

Health: -3/48      AC:  5    Str:  8    XL:     9   Next: 18%
Magic:  9/10       EV: 15    Int: 10    God:    Uskayaw [*.....]
Gold:   304        SH:  0    Dex: 23    Spells: 8/8 levels left

rFire   + . .      SeeInvis .    a - +1 shortbow (freeze) {bow}
rCold   . . .      Faith    +    (shield currently unavailable)
rNeg    . . .      Spirit   .    c - +0 leather armour
rPois   +          Reflect  .    x - +0 helmet
rElec   .          Harm     .    (no cloak)
rCorr   .          Rampage  .    (no gloves)
Will    .....                    E - +0 pair of boots
Stlth   ++++......               g - amulet of faith {!P}
HPRegen 0.28/turn                m - ring of poison resistance
MPRegen 0.12/turn                C - ring of protection from fire

@: no status effects
A: small, no large weapons, nightstalker 3
a: Renounce Religion, Stomp


You were on level 7 of the Dungeon.
You worshipped Uskayaw.
Uskayaw was noncommittal.
You visited 2 branches of the dungeon, and saw 8 of its levels.

You collected 304 gold pieces.


Innate Abilities, Weirdness & Mutations

You are small and have problems with some larger weapons.
You are completely attuned to the shadows.


   Skills:
 - Level 2.1 Fighting
 - Level 6.0 Short Blades
 + Level 12.0 Ranged Weapons
 - Level 4.0 Throwing
 - Level 2.0 Armour
 - Level 2.4 Dodging
 - Level 3.0 Stealth
 + Level 1.3 Invocations


You had 8 spell levels left.
You didn't know any spells.
Your spell library contained the following spells:

 Spells                   Type           Power      Damage    Failure   Level
 Shock                    Conj/Air       0%         1d3       47%         1
 Swiftness                Air            0%         N/A       85%         3
 Airstrike                Air            0%         2d(0-16)  99%         4
 Malign Gateway           Summ/Tloc      0%         N/A       100%        7
 Summon Horrible Things   Summ           0%         N/A       100%        8

Inventory:

Hand Weapons
 a - a +1 shortbow of freezing (weapon) {bow}
 b - a +2 dagger of electrocution {short}
   (You took it off a goblin on level 3 of the Dungeon)
 k - a +0 dagger {short}
   (You found it on level 1 of the Dungeon)
 t - a +0 whip of distortion {!wmace}
   (You took it off a kobold on level 3 of the Dungeon)
 v - a +0 mace of venom {mace}
   (You took it off Robin on level 3 of the Dungeon)
 A - a +2 short sword of electrocution {short}
   (You found it on level 3 of the Dungeon)
 F - a +0 flail of protection {mace}
   (You took it off an orc on level 5 of the Dungeon)
 K - a +0 rapier {short}
   (You found it on level 5 of the Dungeon)
 X - a +4 dagger of venom {short}
   (You took it off an orc wizard on level 7 of the Dungeon)
Missiles
 h - 5 atropa-tipped darts {throwing}
 j - 53 stones {throwing}
 r - a throwing net {=f!fthrowing}
 D - 11 poisoned darts {throwing}
Armour
 c - a +0 leather armour (worn)
 n - a +0 ring mail
   (You took it off Terence on level 1 of the Dungeon)
 o - a +0 robe
   (You took it off a gnoll bouda on level 3 of the Dungeon)
 p - a +0 leather armour
   (You found it on level 2 of the Dungeon)
 w - a +0 animal skin
   (You took it off Robin on level 3 of the Dungeon)
 x - a +0 helmet (worn)
   (You took it off Robin on level 3 of the Dungeon)
 y - a +0 robe
   (You took it off an orc wizard on level 7 of the Dungeon)
 E - a +0 pair of boots (worn)
   (You found it on level 3 of the Dungeon)
 G - a +0 leather armour
   (You took it off an orc on level 5 of the Dungeon)
 J - a +0 pair of gloves of stealth
   (You found it on level 4 of the Dungeon)
 L - a +0 leather armour
   (You took it off a gnoll bouda on level 4 of the Dungeon)
 M - a +0 robe
   (You found it on level 5 of the Dungeon)
 P - a +0 chain mail
   (You took it off an orc on level 5 of the Dungeon)
 Q - a +0 chain mail
   (You found it on level 6 of the Dungeon)
 S - a +0 leather armour
   (You took it off an orc on level 6 of the Dungeon)
 T - a +0 robe
   (You found it on level 6 of the Dungeon)
 U - a +0 leather armour
   (You found it on level 6 of the Dungeon)
 W - a +0 robe
   (You took it off an orc wizard on level 7 of the Dungeon)
 Y - a +0 robe
   (You took it off an orc wizard on level 7 of the Dungeon)
Jewellery
 g - an amulet of faith (around neck) {!P}
   (You found it on level 1 of the Dungeon)
 m - a ring of poison resistance (left hand)
   (You found it on level 1 of the Dungeon)
 C - a ring of protection from fire (right hand)
   (You found it on level 5 of the Dungeon)
 H - a ring of fire
   (You found it on level 3 of the Dungeon)
 V - a +6 ring of intelligence
   (You found it on level 6 of the Dungeon)
Wands
 N - a wand of quicksilver (12)
   (You found it on level 5 of the Dungeon)
Scrolls
 f - 3 scrolls of teleportation {@r4}
 s - 3 scrolls of immolation {!r!r}
 I - a scroll of vulnerability {!r!r}
Potions
 d - a potion of ambrosia
 e - 2 potions of attraction {!q}
 i - 2 potions of brilliance {unknown}
 l - a potion of curing {@q1}
 q - a potion of mutation {unknown}
 u - 2 potions of flight
 z - a potion of lignification {unknown}
 B - a potion of heal wounds {unknown}
 O - 3 potions of berserk rage {!q}
 R - a potion of might {unknown}

Dungeon Overview and Level Annotations

Branches:
Dungeon (7/15) Zot: 26359  Temple (1/1) D:6 Zot: 5842

Altars:
Cheibriados
Elyvilon
Gozag
Hepliaklqana
Makhleb
Trog
Uskayaw
Vehumet
Wu Jian
Xom

Shops:
D:1 (

Annotations:
D:2 1 runed translucent door, Crazy Yiuf
D:6 2 transporters, Sigmund; hikkokomori's ghost, novice TeBe

.#.#.#.# # .....#.# #
.#.#.#.# # .......### ...
.#.#...#.. .. #.##
#.#...#.. ..#>..#.. .
......... #..#...#Y##.#
.....#.. #.......@....
###..... #......#.#..#.
..#.#..#..
#...............#.⌠.#.#..
##......#.#..##...#.#..#.>
..............#...###..###
....#........##......#....
##..#..####..##....#.#####
.......# #..##....#.# #
.......####..##....#.# #


You could see an ice beast.


Message History

A hound comes into view.
The hound barks!
Danger!
You shoot an arrow. The arrow closely misses the hound.
Your +1 shortbow of freezing {bow} stops glowing.
You hear the crackle of electricity.
b - a +2 dagger of electrocution (weapon)
{short} The hound bites you but does no damage.
You miss the hound. The hound bites you.
An ice beast comes into view.
You closely miss the hound. The hound bites you.
You miss the hound. The hound misses you.
Your +2 dagger of electrocution {short} stops crackling.
Your +1 shortbow of freezing {bow} is covered in frost.
a - a +1 shortbow of freezing (weapon)
{bow} The hound misses you.
Unknown command.
Unknown command.
Fire: a) +1 shortbow (freeze) {bow}
Press: ? - help, Q - select action, (/) - cycle Shift-Dir - straight line, f/p - hound
Aim: a hound (63% to hit)
You shoot an arrow. The arrow barely misses the hound.
The hound bites you.
Fire: a) +1 shortbow (freeze) {bow}
Press: ? - help, Q - select action, (/) - cycle Shift-Dir - straight line, f/p - hound
Aim: a hound (63% to hit)
You shoot an arrow. The arrow closely misses the hound.
The hound misses you.
Fire: a) +1 shortbow (freeze) {bow}
Press: ? - help, Q - select action, (/) - cycle Shift-Dir - straight line, f/p - hound
Aim: a hound (63% to hit)
You shoot an arrow. The arrow closely misses the hound.
The hound misses you. The hound closely misses you.
Fire: a) +1 shortbow (freeze) {bow}
Press: ? - help, Q - select action, (/) - cycle Shift-Dir - straight line, f/p - hound
Aim: a hound (63% to hit)
You shoot an arrow. The arrow barely misses the hound.
The hound bites you.
Fire: a) +1 shortbow (freeze) {bow}
Press: ? - help, Q - select action, (/) - cycle Shift-Dir - straight line, f/p - hound
Aim: a hound (63% to hit)
You shoot an arrow. The arrow closely misses the hound.
The hound bites you.
Fire: a) +1 shortbow (freeze) {bow}
Press: ? - help, Q - select action, (/) - cycle Shift-Dir - straight line, f/p - hound
Aim: a hound (63% to hit)
You shoot an arrow. The arrow barely misses the hound.
The hound barely misses you. x2
Fire: a) +1 shortbow (freeze) {bow}
Press: ? - help, Q - select action, (/) - cycle Shift-Dir - straight line, f/p - hound
Aim: a hound (63% to hit)
You shoot an arrow. The arrow hits the hound.
The arrow freezes the hound.
The hound bites you.
Fire: a) +1 shortbow (freeze) {bow}
Press: ? - help, Q - select action, (/) - cycle Shift-Dir - straight line, f/p - hound
Aim: a hound (heavily wounded, 63% to hit)
You shoot an arrow. The arrow barely misses the hound.
The hound bites you. The hound closely misses you.
Fire: a) +1 shortbow (freeze) {bow}
Press: ? - help, Q - select action, (/) - cycle Shift-Dir - straight line, f/p - hound
Aim: a hound (heavily wounded, 63% to hit)
You shoot an arrow. The arrow closely misses the hound.
The hound completely misses you.
Fire: a) +1 shortbow (freeze) {bow}
Press: ? - help, Q - select action, (/) - cycle Shift-Dir - straight line, f/p - hound
Aim: a hound (heavily wounded, 63% to hit)
You shoot an arrow. The arrow barely misses the hound.
The hound closely misses you. The hound bites you.
Fire: a) +1 shortbow (freeze) {bow}
Press: ? - help, Q - select action, (/) - cycle Shift-Dir - straight line, f/p - hound
Aim: a hound (heavily wounded, 63% to hit)
You shoot an arrow. The arrow hits the hound!
The arrow freezes the hound.
You kill the hound!
Fire: a) +1 shortbow (freeze) {bow}
Press: ? - help, Q - select action, (/) - cycle Shift-Dir - straight line, f - ice beast
Aim: an ice beast (71% to hit)
You shoot an arrow. The arrow barely misses the ice beast.
The ice beast hits you. The ice beast freezes you!
* * * LOW HITPOINT WARNING * * *
Fire: a) +1 shortbow (freeze) {bow}
Press: ? - help, Q - select action, (/) - cycle Shift-Dir - straight line, f/p - ice beast
Aim: an ice beast (71% to hit)
You shoot an arrow. The arrow closely misses the ice beast.
The ice beast hits you but does no damage.
Fire: a) +1 shortbow (freeze) {bow}
Press: ? - help, Q - select action, (/) - cycle Shift-Dir - straight line, f/p - ice beast
Aim: an ice beast (71% to hit)
You shoot an arrow. The arrow barely misses the ice beast.
The ice beast hits you.
* * * LOW HITPOINT WARNING * * *
The ice beast freezes you!
* * * LOW HITPOINT WARNING * * *
Fire: a) +1 shortbow (freeze) {bow}
Press: ? - help, Q - select action, (/) - cycle Shift-Dir - straight line, f/p - ice beast
Aim: an ice beast (71% to hit)
You shoot an arrow. The arrow hits the ice beast.
The ice beast hits you.
* * * LOW HITPOINT WARNING * * *
The ice beast freezes you!
You die...

Skill      XL: |  1  2  3  4  5  6  7  8  9 |
---------------+----------------------------+-----
Stealth        | 2 3 |  3.0
Ranged Weapons | 6 7 8 9 11 12 | 12.0
Throwing       | 1 3 4 |  4.0
Short Blades   | 2 6 |  6.0
Armour         | 1 2 |  2.0
Invocations    | 1 |  1.3
Fighting       | |  2.1
Dodging        | |  2.4

Action                   |  1- 3 |  4- 6 |  7- 9 || total
-------------------------+-------+-------+-------++-------
Melee: Short sword       |       |    30 |       ||    30
       Shortbow          |       |     1 |       ||     1
       Dagger            |       |    44 |    28 ||    72
 Fire: Shortbow          |    71 |   150 |   193 ||   414
Throw: Throwing net      |       |     2 |       ||     2
Invok: Line Pass         |       |       |     1 ||     1
  Use: Potion            |     1 |     1 |     1 ||     3
       Scroll            |       |    13 |     4 ||    17
 Stab: Paralysed         |       |       |     1 ||     1
Armor: Leather armour    |     6 |    26 |    36 ||    68
Dodge: Dodged            |    26 |   147 |   108 ||   281

Levels and vault maps discovered:
D:1:      minmay_arrival_checkered_box, layout_rooms, serial_shops,
          nicolae_shop_window_shopping
D:2:      layout_rooms, uniq_terence, uniq_crazy_yiuf_cottage
D:3:      layout_loops_ring, ebering_ecumenical_altar_sacrificial, uniq_robin
D:4:      kennysheep_slugbush, layout_basic, mainiacjoe_overflow_small_starburst
D:5:      layout_rooms, mainiacjoe_overflow_cross_hatched, grunt_ministairs_13
D:6:      layout_gridville, minmay_temple_entry_mist,
          gammafunk_ghost_abyssal_escape, uniq_sigmund
D:7:      layout_basic, gammafunk_ghost_icy, grunt_decor_one_mirror,
          dk_noncrumbling_4, minmay_misc_feat_roman, minmay_chambers_of_fives
Temple:   regret_index_temple_mists

Notes
Turn   | Place    | Note
-------+----------+-------------------------------------------
     0 | D:1      | Sobieck the Kobold Hunter began the quest for the Orb.
     0 | D:1      | Reached XP level 1. HP: 12/12 MP: 1/1
   255 | D:1      | Reached skill level 2 in Stealth
   262 | D:1      | Reached XP level 2. HP: 14/17 MP: 2/2
   384 | D:1      | Found Diqug's Weapon Emporium.
   647 | D:2      | Reached XP level 3. HP: 21/21 MP: 3/3
   700 | D:2      | Reached skill level 3 in Stealth
   774 | D:2      | Reached skill level 6 in Ranged Weapons
   780 | D:2      | Noticed Terence
   929 | D:2      | Reached XP level 4. HP: 26/26 MP: 4/4
  1079 | D:1      | Killed Terence
  1080 | D:1      | Reached skill level 7 in Ranged Weapons
  1334 | D:2      | Found a runed translucent door.
  1337 | D:2      | Noticed Crazy Yiuf
  1424 | D:3      | Noticed Robin
  1431 | D:3      | Killed Robin
  1432 | D:3      | Reached XP level 5. HP: 30/30 MP: 5/5
  1509 | D:3      | You pick up a book of Air and begin reading...
  1509 | D:3      | You add the spells Shock, Swiftness and Airstrike to your
                  | library.
  1549 | D:3      | Found a faded altar of an unknown god.
  1860 | D:3      | Reached skill level 8 in Ranged Weapons
  2414 | D:4      | Reached skill level 1 in Throwing
  2825 | D:4      | Reached XP level 6. HP: 29/35 MP: 6/6
  2968 | D:3      | Reached skill level 2 in Throwing
  3151 | D:4      | Found a hazy altar of Hepliaklqana.
  3402 | D:5      | Entered Level 5 of the Dungeon
  3528 | D:5      | You add the spells Malign Gateway and Summon Horrible
                  | Things to your library.
  3531 | D:5      | Found an opulent altar of Gozag.
  3545 | D:5      | Reached skill level 9 in Ranged Weapons
  3545 | D:5      | Reached skill level 3 in Throwing
  3778 | D:5      | Reached XP level 7. HP: 40/40 MP: 7/7
  3867 | D:4      | Reached skill level 4 in Throwing
  3868 | D:4      | Reached skill level 1 in Short Blades
  4303 | D:6      | Reached skill level 2 in Short Blades
  4303 | D:6      | Reached skill level 1 in Armour
  4355 | D:6      | Reached XP level 8. HP: 25/44 MP: 8/8
  4531 | D:6      | Reached skill level 3 in Short Blades
  4646 | D:6      | Reached skill level 2 in Armour
  4736 | D:6      | Noticed Sigmund
  4859 | D:6      | Reached skill level 4 in Short Blades
  4866 | D:6      | Reached skill level 10 in Ranged Weapons
  5040 | D:6      | Found a transporter.
  5042 | D:6      | Noticed hikkokomori's ghost (novice TeBe)
  5119 | D:6      | Found a staircase to the Ecumenical Temple.
  5125 | Temple   | Entered the Ecumenical Temple
  5213 | Temple   | Became a worshipper of Uskayaw the Reveller
  5254 | D:6      | Reached * piety under Uskayaw
  5315 | D:6      | Reached ** piety under Uskayaw
  5316 | D:6      | Reached skill level 5 in Short Blades
  5319 | D:6      | Reached *** piety under Uskayaw
  5326 | D:6      | HP: 8/44 [orc warrior/+0 war axe (8)]
  5514 | D:6      | Found a transporter.
  5591 | D:6      | Reached **** piety under Uskayaw
  5706 | D:7      | HP: 10/44 [centaur/arrow (6)]
  5708 | D:7      | HP: 3/44 [centaur/arrow (8)]
  5710 | D:7      | Reached skill level 6 in Short Blades
  5878 | D:7      | Reached skill level 11 in Ranged Weapons
  5878 | D:7      | Reached XP level 9. HP: 32/48 MP: 4/9
  6254 | D:7      | Reached skill level 12 in Ranged Weapons
  6254 | D:7      | Reached skill level 1 in Invocations
  6345 | D:7      | HP: 8/48 [ice beast (8)]
  6346 | D:7      | Slain by an ice beast

Vanquished Creatures
  An orc warrior (D:6)
  A sky beast (D:7)
  2 ice beasts (D:6)
  An ogre (D:6)
  3 centaurs
  2 scorpions
  5 hounds
  2 gnoll boudas
  A jelly (D:6)
  2 orc priests (D:6)
  Terence (D:1)
  An iguana (D:5)
  5 orc wizards
  Robin (D:3)
  10 adders
  7 gnolls
  A shadow imp (D:6)
  2 white imps
  3 ufetubi
  A worm (D:3)
  15 dart slugs
  9 orcs
  4 endoplasms
  3 giant cockroaches
  15 goblins
  7 hobgoblins
  2 jackals (D:4)
  10 kobolds
  2 quokkas
  10 ball pythons
  4 bats
  2 frilled lizards
  4 rats
139 creatures vanquished.

Table legend:
 A = Non-vault XP
 B = Vault XP
 C = Vault XP percentage of total XP
 D = Non-vault monster count
 E = Vault monster count
 F = Vault count percentage of total count
                 A         B        C        D         E       F
            +---------+---------+-------+---------+---------+-------
      Total |    2037 |     294 |  12.6 |     109 |      30 |  21.6
            +---------+---------+-------+---------+---------+-------
        D:1 |      38 |      38 |  50.0 |      14 |       1 |   6.7
        D:2 |      42 |       0 |   0.0 |      19 |       0 |   0.0
        D:3 |     119 |      36 |  23.2 |      22 |      12 |  35.3
        D:4 |     102 |     178 |  63.6 |      12 |      14 |  53.8
        D:5 |     169 |      42 |  19.9 |       9 |       3 |  25.0
        D:6 |    1116 |       0 |   0.0 |      22 |       0 |   0.0
        D:7 |     451 |       0 |   0.0 |      11 |       0 |   0.0
            +---------+---------+-------+---------+---------+-------

Illustrated notes

Table legend:
 A = Kills in this place as a percentage of kills in entire the game.
 B = Kills by you in this place as a percentage of kills by you in the entire game.
 C = Kills by friends in this place as a percentage of kills by friends in the entire game.
 D = Other kills in this place as a percentage of other kills in the entire game.
 E = Experience gained in this place as a percentage of experience gained in the entire game.
 F = Experience gained in this place divided by the number of levels of this place that you have seen.
                   A       B       C       D       E      F
               +-------+-------+-------+-------+-------+----------------------
         Total | 100.0 | 100.0 |   N/A |   N/A | 100.0 | 291.4
       Dungeon | 100.0 | 100.0 |   N/A |   N/A | 100.0 | 333.0
               +-------+-------+-------+-------+-------+----------------------

Table legend: (Time is in decaauts)
 A = Elapsed time spent in this place.
 B = Non-inter-level travel time spent in this place.
 C = Inter-level travel time spent in this place.
 D = Time resting spent in this place.
 E = Time spent auto-exploring this place.
 F = Levels seen in this place.
 G = Mean time per level.
                   A        B        C        D        E       F      G
               +--------+--------+--------+--------+--------+-----+--------+
         Total |   6445 |   6085 |    360 |    811 |   4118 |   8 |  805.6 |
       Dungeon |   6288 |   5949 |    339 |    811 |   4000 |   7 |  898.3 |
        Temple |    157 |    136 |     21 |      0 |    118 |   1 |  157.0 |
               +--------+--------+--------+--------+--------+-----+--------+

Top non-repeatable levels by time:
     D:6: 1548 daAuts
     D:4: 1135 daAuts
     D:3: 1024 daAuts
     D:1: 766 daAuts
     D:5: 760 daAuts
     D:2: 623 daAuts
     D:7: 430 daAuts
  Temple: 157 daAuts
